 Seeded DCSS version 0.27.1 (webtiles) character file.

Game seed: 98765432 (custom seed)

3161 a11behringer the Grappler (level 9, 0/80 HPs)
             Began as a Troll Berserker on Aug 27, 2021.
             Was a Priest of Trog.
             Slain by an orc warrior (10 damage)
             ... in a bailey.
             The game lasted 00:23:58 (4347 turns).

a11behringer the Grappler (Troll Berserker)         Turns: 4347, Time: 00:23:59

Health: 0/80       AC:  4    Str: 27    XL:     9   Next: 62%
Magic:  8/8        EV: 11    Int:  3    God:    Trog [***...]
Gold:   213        SH:  0    Dex: 12    Spells: 8/8 levels left

rFire    . . .     SeeInvis .     - Unarmed
rCold    . . .     Faith    .   (no shield)
rNeg     . . .     Spirit   .   a - +0 animal skin
rPois    .         Reflect  .   (helmet restricted)
rElec    .         Harm     .   (no cloak)
rCorr    .         Rampage  .   (gloves unavailable)
Will     ++...                  (boots unavailable)
Stlth    +.........             (no amulet)
HPRegen  2.23/turn              (no ring)
MPRegen  0.11/turn              (no ring)

@: strong-willed, regenerating
A: large, unfitting armour, claws 3, regeneration 1, shaggy fur 1, tough skin 1
a: Renounce Religion, Berserk, Trog's Hand


You were in a bailey.
You worshipped Trog.
Trog was most pleased with you.
You visited 1 branch of the dungeon, and saw 7 of its levels.
You also visited: Bailey.

You collected 213 gold pieces.

Inventory:

Hand Weapons
 o - a +0 dire flail
 p - a +0 giant spiked club
 A - a +1 mace of protection
Missiles
 r - 5 boomerangs (quivered)
Armour
 a - a +0 animal skin (worn)
 h - a +0 kite shield
Jewellery
 i - an amulet of faith
 u - a ring of fire
Wands
 w - a wand of iceblast (8)
 y - a wand of paralysis (9)
Scrolls
 b - 3 scrolls of enchant weapon
 c - a scroll of teleportation {unknown}
 d - a scroll of silence {unknown}
 e - a scroll of fear {unknown}
 k - 2 scrolls of immolation {unknown}
 n - a scroll of fog {unknown}
 q - a scroll of holy word {unknown}
 s - 2 scrolls of identify
 t - a scroll of enchant armour {unknown}
Potions
 f - 2 potions of curing
 g - 2 potions of flight
 j - a potion of attraction
 l - 2 potions of degeneration
 m - a potion of resistance
 v - a potion of brilliance {unknown}
 x - a potion of haste {unknown}
 z - a potion of ambrosia {unknown}


   Skills:
 - Level 2.5 Fighting
 * Level 6.1 Maces & Flails
 + Level 5.6 Dodging
 - Level 10.3 Unarmed Combat


You had 8 spell levels left.
You didn't know any spells.
Your spell library was empty.

Dungeon Overview and Level Annotations

Branches:
Dungeon (7/15)             Temple (0/1) D:4          Bailey (1/1)

Altars:
Ashenzari
Elyvilon
Hepliaklqana
Makhleb
Nemelex Xobeh
Qazlal
Ru
Trog
Uskayaw
Yredelemnul
Zin

Shops:
D:1 :


Innate Abilities, Weirdness & Mutations

You are too large for most types of armour.
You have claws for hands.
Your natural rate of healing is unusually fast.
You are covered in fur. (AC +1)
You have tough skin. (AC +1)


Message History

The orc warrior shoots a bolt.
The bolt hits you!
The orc shoots a bolt.
The bolt barely misses you.
Found a gate leading back out of this place.
The orc shoots a bolt.
The bolt closely misses you.
The orc shoots a bolt.
The bolt hits you.
The orc disappears!
The orc shoots a bolt.
The bolt misses you.
The orc warrior shoots a bolt.
The bolt hits you!
The orc unwields a +0 arbalest.
The orc barely misses you.
The orc warrior shoots a bolt.
The bolt barely misses you.
You claw the orc!
You kill the orc!
Trog accepts your kill.
The orc warrior shoots a bolt.
The bolt hits you!
The orc warrior disappears!
Items here: ( ) [ †.
Throw: 5 boomerangs
Press: ? - help, Q - select action, (/) - cycle Shift-Dir - straight line, f - orc warrior
Aim: an orc warrior, wielding a +0 arbalest, wearing a +0 scale mail and quivering bolts (50% to hit)
You throw a boomerang. The boomerang hits the orc warrior.
The orc warrior is moderately wounded.
The orc warrior shoots a bolt.
The bolt hits you but does no damage.
The orc warrior shoots a bolt.
The bolt hits you!
The orc warrior shoots a bolt.
The bolt hits you!
* * * LOW HITPOINT WARNING * * *
Okay, then.
You miss the orc warrior.
The orc warrior is moderately wounded.
You closely miss the orc warrior.
The orc warrior is moderately wounded.
The orc warrior unwields a +0 arbalest.
The orc warrior hits you!
* * * LOW HITPOINT WARNING * * *
You closely miss the orc warrior.
The orc warrior is moderately wounded.
The orc warrior hits you!
* * * LOW HITPOINT WARNING * * *
You barely miss the orc warrior. You claw the orc warrior!
The orc warrior is severely wounded.
The orc warrior hits you!
* * * LOW HITPOINT WARNING * * *
You feel better. The orc warrior hits you!
You die...

#............
#...................
#....................
#.......≈≈≈≈≈........
#......≈≈#.#≈≈.......
#......≈##.##≈.......
#......≈..^..≈.......
#......≈##.o#≈.......
#......≈≈#.#@≈......#
#.......≈≈≈≈≈....###
#...............##
#..........)...##
#..............#
#.............##
#.............#
#.............#
#.............#


You could see an orc warrior.

Vanquished Creatures
  Pikel (D:6)
  Grinder (D:3)
  Prince Ribbit (D:6)
  A water moccasin (D:6)
  A black bear (D:4)
  A sky beast (D:5)
  An ice beast (D:7)
  2 centaurs
  3 ogres (D:5)
  2 phantoms
  2 lemures (D:6)
  A kobold brigand (D:6)
  Blork the orc (D:6)
  3 bullfrogs
  2 scorpions
  A water moccasin skeleton (D:4)
  6 killer bees (D:7)
  2 howler monkeys (D:5)
  3 jellies
  A hound (D:7)
  A centaur skeleton (D:6)
  2 orc priests (D:5)
  2 iguanas
  5 orc wizards
  A scorpion zombie (D:5)
  A howler monkey zombie (D:5)
  4 gnolls (D:4)
  An adder (D:2)
  2 shadow imps (D:6)
  7 orcs
  7 bats
  3 endoplasms
  4 giant cockroaches
  8 goblins
  6 hobgoblins
  6 jackals
  5 quokkas
  5 ball pythons
  3 frilled lizards
  9 kobolds
  2 rats (D:3)
120 creatures vanquished.

Notes
Turn   | Place    | Note
-------+----------+-------------------------------------------
     0 | D:1      | a11behringer the Troll Berserker began the quest for the
                  | Orb.
     0 | D:1      | Reached XP level 1. HP: 22/22 MP: 0/0
   138 | D:1      | Reached XP level 2. HP: 29/29 MP: 1/1
   144 | D:1      | Found a faded altar of an unknown god.
   559 | D:1      | Reached XP level 3. HP: 36/36 MP: 2/2
   660 | D:1      | Reached ** piety under Trog
   661 | D:1      | Reached skill level 4 in Unarmed Combat
   810 | D:1      | Found Zimuomm's Book Shop.
  1148 | D:2      | Found a stormy altar of Qazlal.
  1518 | D:3      | Found a bloodstained altar of Trog.
  1566 | D:3      | Noticed Grinder
  1578 | D:3      | Killed Grinder
  1579 | D:3      | Reached skill level 6 in Unarmed Combat
  1579 | D:3      | Reached XP level 4. HP: 40/44 MP: 3/3
  1579 | D:3      | Reached XP level 5. HP: 46/50 MP: 4/4
  1756 | D:3      | Found a glowing silver altar of Zin.
  1880 | D:3      | Found a burning altar of Makhleb.
  2188 | D:4      | Found a staircase to the Ecumenical Temple.
  2228 | D:4      | Reached XP level 6. HP: 59/59 MP: 5/5
  2250 | D:4      | Reached skill level 7 in Unarmed Combat
  2457 | D:4      | Reached XP level 7. HP: 55/66 MP: 6/6
  2827 | D:4      | Reached skill level 8 in Unarmed Combat
  2936 | D:5      | Entered Level 5 of the Dungeon
  2948 | D:5      | Found a stormy altar of Qazlal.
  3018 | D:5      | Reached *** piety under Trog
  3025 | D:5      | Reached skill level 9 in Unarmed Combat
  3127 | D:5      | Reached XP level 8. HP: 63/74 MP: 7/7
  3177 | D:5      | Reached skill level 10 in Unarmed Combat
  3321 | D:5      | Reached skill level 1 in Maces & Flails
  3327 | D:5      | Found a sacrificial altar of Ru.
  3328 | D:5      | Found a sparkling altar of Nemelex Xobeh.
  3328 | D:5      | Found a white marble altar of Elyvilon.
  3332 | D:5      | Found a broken altar of Ashenzari.
  3409 | D:6      | Noticed Pikel
  3428 | D:6      | Killed Pikel
  3438 | D:6      | Reached XP level 9. HP: 25/80 MP: 8/8
  3452 | D:6      | Found a basalt altar of Yredelemnul.
  3483 | D:6      | Found a hazy altar of Hepliaklqana.
  3526 | D:6      | Noticed Prince Ribbit
  3631 | D:6      | Noticed Blork the orc
  3634 | D:6      | Killed Blork the orc
  3761 | D:6      | Killed Prince Ribbit
  3846 | D:6      | Found a hide-covered altar of Uskayaw.
  3865 | D:6      | Reached skill level 5 in Maces & Flails
  3868 | D:6      | Reached skill level 5 in Dodging
  4243 | D:7      | Found a flagged portal.
  4263 | Bailey   | Entered a bailey
  4346 | Bailey   | HP: 2/80 [orc warrior (13)]
  4347 | Bailey   | Slain by an orc warrior

Illustrated notes

Levels and vault maps discovered:
D:1:      ebering_trefoil_twist, layout_basic,
          ebering_ecumenical_altar_abandoned, serial_shops, shop_statue,
          minmay_misc_feat_columns
D:2:      layout_rooms, basic_altar
D:3:      layout_basic, lemuel_doored_altar, lightli_temple_of_fire,
          mainiacjoe_overflow_brackets, uniq_grinder
D:4:      layout_loops_ring, minmay_temple_entry_gardened_gates
D:5:      layout_rooms, chequers_temple_overflow_statue_of_worship,
          grunt_qazlal_sundering
D:6:      layout_layer_cave, old_standard_altar,
          mainiacjoe_overflow_tiny_flanked, mainiacjoe_overflow_paths,
          uniq_prince_ribbit1, uniq_pikel, uniq_blork_the_orc
D:7:      layout_loops_ring, enter_bailey_2, guppyfry_early_elven_hall
Bailey:   bailey_polearm_2, bailey

Skill      XL: |  1  2  3  4  5  6  7  8  9 |
---------------+----------------------------+-----
Unarmed Combat | 6 7 9 10 | 10.3
Maces & Flails | 3 6 |  6.1
Dodging        | 4 5 |  5.6
Fighting       | |  2.5

Action                   |  1- 3 |  4- 6 |  7- 9 || total
-------------------------+-------+-------+-------++-------
Melee: Unarmed           |   113 |    53 |   167 ||   333
       Punch             |       |     2 |    12 ||    14
Throw: Boomerang         |       |       |     1 ||     1
Invok: Berserk           |     1 |       |     5 ||     6
       Trog's Hand       |       |       |     8 ||     8
  Use: Scroll            |       |     4 |     2 ||     6
       Potion            |       |       |     1 ||     1
 Stab: Sleeping          |       |       |     1 ||     1
Armor: Animal skin       |    62 |     8 |    28 ||    98
Dodge: Dodged            |    70 |    19 |    98 ||   187
